 Dungeon Crawl Stone Soup version 0.32-a0-998-g15e7c0074e (webtiles) character file.

Game seed: 562490479127604105

1 GordonOverkill the Sneak (level 1, -4/18 HPs)
             Began as a Formicid Delver on Apr 24, 2024.
             Killed by nerve-wracking pain
             ... invoked by Grinder
              (14 damage)
             ... on level 4 of the Dungeon.
             The game lasted 00:01:21 (110 turns).

GordonOverkill the Sneak (Formicid Delver)           Turns: 110, Time: 00:01:22

Health: -4/18      AC:  3    Str: 16    XL:     1   Next: 22%
Magic:  1/1        EV: 11    Int:  9    God:
Gold:   4          SH:  0    Dex: 15    Spells: 0/0 levels left

rFire   . . .        a - +0 short sword
rCold   . . .        (no shield)
rNeg    . . .        b - +0 leather armour
rPois   .            (helmet unavailable)
rElec   .            (no cloak)
rCorr   .            (no gloves)
SInv    +            (no boots)
Will    .....        (no amulet)
Stlth   +++          (no ring)
HPRegen 0.23/turn    (no ring)
MPRegen 0.07/turn

%: no passive effects
@: no status effects
A: permanent stasis, dig shafts and tunnels, antennae 3, four strong arms
a: Dig, Shaft Self


You were on level 4 of the Dungeon.
You visited 1 branch of the dungeon, and saw 3 of its levels.

You collected 4 gold pieces.

Inventory:

Hand Weapons
 a - a +0 short sword (weapon)
Armour
 b - a +0 leather armour (worn)
Wands
 f - a wand of digging (3)
Scrolls
 c - a scroll of fog
Potions
 g - a potion of attraction {unknown}


   Skills:
 + Level 3.4 Fighting
 - Level 2.0 Short Blades
 - Level 1.7 Dodging
 - Level 6.0 Stealth


You couldn't memorise any spells.
You didn't know any spells.
Your spell library was empty.

Dungeon Overview and Level Annotations

Branches:
Dungeon (6/15)
 Temple: D:4-7

Altars:

Annotations:
D:4 Grinder


Innate Abilities, Weirdness & Mutations

You cannot be hasted, slowed, berserked, paralysed or teleported.
You can dig through walls and to a lower floor.
You have a pair of large antennae on your head. (SInv)
Your four strong arms can wield two-handed weapons with a shield.


Message History

You closely miss the kobold.
The kobold hits you with a +1 vampiric short sword.
* * * LOW HITPOINT WARNING * * *
You closely miss the kobold.
The kobold hits you with a +1 vampiric short sword.
* * * LOW HITPOINT WARNING * * *
You hit the kobold.
The kobold is moderately wounded.
An orc comes into view. It is wielding a +0 mace.
The kobold hits you with a +1 vampiric short sword.
* * * LOW HITPOINT WARNING * * *
The kobold draws strength from your wounds!
As you read the scroll of fear, it crumbles to dust.
You assume a fearsome visage.
The orc looks frightened!
The orc shouts!
The kobold looks frightened!
The kobold yells at you, "GO AWAY!"
Found 3 stones.
As you read the scroll of revelation, it crumbles to dust.
You feel aware of your surroundings.
You sensed 6 altars.
Unknown command.
Unknown command.
The kobold seems to regain its courage.
The orc seems to regain its courage.
Found a pink potion.
Found 15 gold pieces.
Found a scroll labelled ROALUJ NUAPSO and a bubbling amethyst potion.
Found a stone staircase leading up.
Okay, then.
Okay, then.
Okay, then.
Found a scroll labelled VAESCH IPUME and 8 gold pieces.
Grinder comes into view.
Grinder shouts!
An ogre comes into view. It is wielding a +0 giant club.
Grinder gestures at you. Pain shoots through your body!
Ouch! That really hurt!
You die...
Grinder says, "Hey, I wasn't done torturing you yet!"

**,,,,,,,,,,,,,*,,,,,,,,,
****..,,,....O..#**,,,,,,,*
***,,,,..,*#......##*,,,,,,,*
*,,,,,,,.###........*<,,,,,,,
**,,,***,,....5.....,,,,,,,,,,
*,.....##*,.......#,,,,,,,,,,,
*,........,#..$...##,,,,,,,,,,
***.##.?....*#.<.....#.,,,,,,,,,
*,,.....#..###.@.......**,,,,,,,
**,......$.##........#.**,,,,,,,
*,,....##..#....!....#,*,,,,,,,,
**,{,...?.....!.........,,,,,,,,,
#....,.##....o..........,,,,,,,,,
#......#...K............,,,,,,*,,
............##..........,,,,,***,
.....#####..###......###,,*,,,,**
,....####...####......,,,,,,,,,,*


You could see Grinder, an ogre (wandering), an orc and a kobold.

Vanquished Creatures
  An endoplasm (D:4)
1 creature vanquished.

Notes
Turn   | Place    | Note
-------+----------+-------------------------------------------
     0 | D:5      | GordonOverkill the Formicid Delver began the quest for the
                  | Orb.
     0 | D:5      | Reached XP level 1. HP: 18/18 MP: 1/1
     1 | D:6      | Noticed an orc wizard
   108 | D:4      | Noticed Grinder
   110 | D:4      | Noticed an ogre
   110 | D:4      | Killed from afar by Grinder

Illustrated notes

Levels and vault maps discovered:
D:4:      layout_cave_pools, grunt_gozag_breadcrumbs,
          chequers_temple_overflow_statue_of_worship,
          nicolae_overflow_crystal_walls, grunt_ministairs_11, uniq_grinder
D:5:      layout_basic, regret_index_xom_of_box, minmay_temple_entry_tees,
          uniq_blork_the_orc
D:6:      layout_basic, uniq_eustachio, uniq_duvessa, uniq_edmund

Action                     || total
---------------------------++-------
  Melee: Short sword       ||    15
    Use: Scroll            ||     2
   Stab: Sleeping          ||     1
 Armour: Leather armour    ||     9
  Dodge: Dodged            ||     5

Table legend: (Time is in decaauts)
 A = Elapsed time spent in this place.
 B = Non-inter-level travel time spent in this place.
 C = Inter-level travel time spent in this place.
 D = Time resting spent in this place.
 E = Time spent auto-exploring this place.
 F = Levels seen in this place.
 G = Mean time per level.
                   A        B        C        D        E       F      G
               +--------+--------+--------+--------+--------+-----+--------+
         Total |    108 |    108 |      0 |      0 |      0 |   3 |   36.0 |
       Dungeon |    108 |    108 |      0 |      0 |      0 |   3 |   36.0 |
               +--------+--------+--------+--------+--------+-----+--------+

Top non-repeatable levels by time:
     D:5: 55 daAuts
     D:4: 51 daAuts
     D:6: 1 daAuts
